Unix NetHack Version 5.0.0-0 post-release - last build Jun 10 2026 00:39:30 (3ee93aec679c4c4259841fe613dc97188e26a321,branch:main).

Game began 2026-06-23 18:18:52, ended 2026-06-23 18:49:40.

GdeVolpiano, neutral male human Archeologist

                    -----
                  --*|..|             ---  ---------    ---
                  |.....|            --.----.......|   --..|----  -..
                  |.....--           |.%.....----#`|   |...||..---.<.
         ..-      ---......|-----    |...)..-----.--   --..||.......-    ----
        ...--       |-.^...--.|.-------.......--..|     |..-|.....[.-   --..--
        ..>.-  .-----............................--     --..|-.......| --....|
        ........|.....|...^.........---.....))...|  ------.-|--.....----.....|
        .......-..--------.--.|...+.---.........-----.--....| |....^.|.......--
        .........--      ---  |.--........).[|.-- |......*..---.---....----...|
         -.......|               -.......d.%--    |....*.......-  --.---  |..--
          ---....|                .......S.--------.....--.....--  |.|    |..|
            --..--                 ......d----......|...|--...(.----.|    ----
              .--                   ..d...@@d...-----     .......|...|
                                     -..---------          .--..-|.---
                                                             |..--.--
                                                             --.....|
                                                              ----..|
                                                                 |..|
                                                                 ----

GdeVolpiano the Investigator  St:10 Dx:10 Co:14 In:17 Wi:16 Ch:12  Neutral
Dlvl:6  $:50 HP:0(39) Pw:37(37) AC:1  Xp:6 T:3518 

Latest messages:
 The yellow light explodes at a spot in thin air!
 The werewolf wields a corroded dagger!
 You miss the werewolf.
 The werewolf changes into a wolf.
 The werewolf's cloak tears apart!
 The werewolf's boots are pushed off its feet!
 The werewolf drops a corroded dagger.
 The werewolf bites!
 #
 Are you sure you want to pray? [yn] (n)
 You begin praying to Camaxtli.
 You are surrounded by a shimmering light.
 The werewolf starts to attack you, but pulls back.
 The werewolf summons help!
 A wolf suddenly appears next to you!
 The werewolf starts to attack you, but pulls back.
 The wolf starts to attack you, but pulls back.
 The werewolf starts to attack you, but pulls back.
 The werewolf starts to attack you, but pulls back.
 You finish your prayer.
 You feel that Camaxtli is well-pleased.
 You feel much better.
 You hit the werewolf!
 The wolf bites!
 The werewolf bites!
 You hit the werewolf.
 The wolf bites!
 The werewolf bites!
 You avoid harm.
 You miss the werewolf.
 The werewolf misses!
 You miss the werewolf.
 The wolf bites!
 The werewolf misses!
 You miss the werewolf.
 You miss the werewolf.
 The wolf just misses!
 The werewolf bites!
 You feel feverish.
 What do you want to eat? [cdEP or ?*]
 Blecch!  Rotten food!
 You feel purified.
 The werewolf changes into a human.
 The werewolf wields 4 daggers!
 You hit the wolf.
 The wolf bites!
 The werewolf thrusts one of his daggers.
 The werewolf hits!
 You die...
 Do you want your possessions identified? [ynq] (y)

Inventory:
 Coins    ('$')
  $ - 50 gold pieces
 Weapons  (')')
  j - a +0 scimitar (weapon in right hand)
 Armor    ('[')
  X - an uncursed +0 dunce cap
  r - an uncursed +0 helm of telepathy (being worn)
  v - an uncursed +0 pair of speed boots (being worn)
  q - an uncursed +0 cloak of displacement (being worn)
  Z - an uncursed +0 dwarvish mithril-coat (being worn)
 Comestibles  ('%')
  d - 4 uncursed food rations
  c - an uncursed fortune cookie
  E - an uncursed sprig of wolfsbane
  P - an uncursed tripe ration
 Scrolls  ('?')
  m - a cursed scroll of create monster
  w - an uncursed scroll of identify
 Potions  ('!')
  T - a blessed potion of gain level
  Y - a blessed potion of levitation
  l - a cursed potion of object detection
  z - an uncursed potion of sleeping
 Rings    ('=')
  b - a blessed +4 ring of gain constitution
  i - a cursed ring of polymorph
 Wands    ('/')
  W - a wand of striking (0:5)
 Tools    ('(')
  h - an uncursed sack containing 3 items
  k - an uncursed skeleton key
  J - an uncursed stethoscope
  a - a +0 unicorn horn
 Gems/Stones  ('*')
  L - an uncursed chrysoberyl stone
  g - an uncursed touchstone

Contents of the sack:
  864 gold pieces
  a +0 pick-axe
  an uncursed diamond

GdeVolpiano the Archeologist's attributes:

Background:
 You were an Investigator, a level 6 male human Archeologist.
 You were neutral, on a mission for Camaxtli
 who was opposed by Quetzalcoatl (lawful) and Huhetotl (chaotic).
 You were right-handed.
 You were in the Gnomish Mines, on level 6.
 You entered the dungeon 3518 turns ago.
 You had 535 experience points, 105 more were needed to attain level 7.

Basics:
 You had 0 out of 39 hit points.
 You had all 37 energy points (spell power).
 Your armor class was 1.
 Your wallet contained 50 zorkmids, and
 you had 864 more stashed away in your pack.
 Autopickup was on for '$?!/="+' plus thrown, with exceptions.

Final Characteristics:
 Your strength was 10 (limit:18/100).
 Your dexterity was 10 (limit:18).
 Your constitution was 14 (limit:18).
 Your intelligence was 17 (limit:18).
 Your wisdom was 16 (limit:18).
 Your charisma was 12 (limit:18).

Final Status:
 You weren't hungry.
 You were unencumbered.
 You were wielding a saber.
 You were skilled in saber.

Final Attributes:
 You were piously aligned.
 You were telepathic.
 You had automatic searching.
 You were invisible.
 You were displaced.
 You were stealthy.
 You were guarded.
 Your spell casting was impaired by metallic armor.
 You were very fast.
 You are dead.

Miscellaneous:
 You didn't encounter any bones levels.
 Total elapsed playing time was 30 minutes and 47 seconds.

Major events:
 Turn
    1: GdeVolpiano the neutral male human Archeologist entered the dungeon
 1482: entered the Gnomish Mines
 1687: attained the rank of Field Worker (level 3)
 2588: attained the rank of Investigator (level 6)
 2671: reached Mine Town
 3518: killed by a werewolf

Spells:
 Name                 Level Category     Fail Retention
 extra healing          3   healing      100%  76%-100%

Skills:
 Fighting Skills
   bare handed combat [Unskilled]
   two weapon combat  [Unskilled]
   riding             [Unskilled]
 Weapon Skills
   dagger             [Unskilled]
   knife              [Unskilled]
   pick-axe           [Basic]
   short sword        [Unskilled]
   saber              [Skilled]
   club               [Unskilled]
   quarterstaff       [Unskilled]
   sling              [Unskilled]
   dart               [Unskilled]
   boomerang          [Unskilled]
   whip               [Basic]
   unicorn horn       [Unskilled]
 Spellcasting Skills
   attack spells      [Unskilled]
   healing spells     [Unskilled]
   divination spells  [Unskilled]
   matter spells      [Unskilled]

Voluntary challenges:
 Character rerolling was not enabled.
 You never genocided any monsters.
 You never polymorphed an object.
 You never changed form.
 You used no wishes.
Achievements:
 You entered a shop.
 You entered the Gnomish Mines.
 You attained the rank of Field Worker.
 You attained the rank of Investigator.
 You entered Minetown.

 The Dungeons of Doom: levels 1 to 4
    Level 1:
       A fountain.
    Level 2:
       An armor shop, a fountain.
    Level 3:
       A general store.
       Stairs down to The Gnomish Mines.
    Level 4:
 The Gnomish Mines: levels 4 to 8
    Level 4:
    Level 5:
    Level 6: <- You were here.
       Final resting place for
          you, killed by a werewolf.
    Level 7:
       A tool shop, some fountains.
    Level 8:


Vanquished creatures:
  a wolf
  a dingo
  a white unicorn
  a rock piercer
  a yellow light
  7 gnome leaders
  a gnomish wizard
 10 dwarves
  a homunculus
  a rothe
 an iguana
  a coyote
  a gas spore
  2 hobbits
  5 manes
  4 cave spiders
  a brown mold
 31 gnomes
  2 geckos
  4 jackals
  3 foxes
  2 goblins
  6 sewer rats
  3 grid bugs
  3 lichens
  2 kobold zombies
  8 newts
104 creatures vanquished.

No species were genocided or became extinct.

Game over:
                       ----------
                      /          \
                     /    REST    \
                    /      IN      \
                   /     PEACE      \
                  /                  \
                  |   GdeVolpiano    |
                  |      914 Au      |
                  |   killed by a    |
                  |     werewolf     |
                  |                  |
                  |                  |
                  |       2026       |
                 *|     *  *  *      | *
        _________)/\\_//(\/(/\)/\//\/|_)_______

Goodbye GdeVolpiano the Archeologist...

You died in The Gnomish Mines on dungeon level 6 with 3323 points,
and 914 pieces of gold, after 3518 moves.
You were level 6 with a maximum of 39 hit points when you died.

